NCAA
NOTRE DAME FIGHTING IRISH @ NORTHWESTERN WILDCATS
05/21/2027
 
TOP OF THE 1ST
Notre Dame Fighting Irish batting - Pitching for Northwestern Wildcats : RHP Russell Dawson
Pitching: RHP Russell Dawson
Batting: SHB Carlos Ramírez 0-0: Called Strike
0-1: Ball
1-1: Foul Ball, location: 2F
1-2: Strikes out looking
Batting: RHB Jorge Ortíz 0-0: Foul Ball, location: 2F
0-1: Swinging Strike
0-2: Ball
1-2: Ball
2-2: Ball
3-2: Strikes out swinging
Batting: LHB Sam Knight 0-0: Ball
1-0: Swinging Strike
1-1: Swinging Strike
1-2: Strikes out swinging
Top of the 1st over - 0 run(s), 0 hit(s), 0 error(s), 0 left on base; Notre Dame 0 - Northwestern 0
BOTTOM OF THE 1ST
Northwestern Wildcats batting - Pitching for Notre Dame Fighting Irish : LHP Roy Burke
Pitching: LHP Roy Burke
Batting: RHB Brian Martínez 0-0: Ball
1-0: Ball
2-0: Ground out 5-3 (Groundball, 5)
Batting: SHB Jeff Fuller 0-0: Ground out 4-3 (Groundball, 34D)
Batting: RHB Jim Martin 0-0: SINGLE (Line Drive, 8RS)
Batting: RHB Lynn Johnson 0-0: Ball
Wild Pitch!
Jim Martin to second
1-0: Ball
2-0: Ball
3-0: Base on Balls
Batting: RHB Vicente Rosales 0-0: Called Strike
0-1: Fielders Choice at 2nd, 6-4 (Groundball, 6)
Bottom of the 1st over - 0 run(s), 1 hit(s), 0 error(s), 1 left on base; Notre Dame 0 - Northwestern 0
TOP OF THE 2ND
Notre Dame Fighting Irish batting - Pitching for Northwestern Wildcats : RHP Russell Dawson
Batting: RHB Fred McPhun 0-0: Called Strike
0-1: Swinging Strike
0-2: Foul Ball, location: 2F
0-2: Foul Ball, location: 2F
0-2: SINGLE (Line Drive, 7S)
Batting: LHB Matt Moore 0-0: Ball
1-0: Ball
2-0: Ball
3-0: Base on Balls
Fred McPhun to second
Batting: RHB Allen Miller 0-0: Called Strike
0-1: Ball
1-1: Swinging Strike
1-2: Ball
2-2: Ball
3-2: Strikes out swinging
Batting: SHB Andre Keeler 0-0: Ball
1-0: Swinging Strike
1-1: Swinging Strike
1-2: Strikes out swinging
Batting: RHB Silas Small 0-0: Ball
1-0: Ball
2-0: Ball
3-0: Called Strike
3-1: Base on Balls
Fred McPhun to third
Matt Moore to second
Batting: RHB Mike Thompson 0-0: Ball
1-0: Foul Ball, location: 2F
1-1: Ball
2-1: Ball
3-1: Base on Balls
Fred McPhun scores
Matt Moore to third
Silas Small to second
Batting: SHB Carlos Ramírez 0-0: Ball
1-0: Ball
2-0: Called Strike
2-1: Ball
3-1: Foul Ball, location: 2F
3-2: Strikes out swinging
Top of the 2nd over - 1 run(s), 1 hit(s), 0 error(s), 3 left on base; Notre Dame 1 - Northwestern 0
BOTTOM OF THE 2ND
Northwestern Wildcats batting - Pitching for Notre Dame Fighting Irish : LHP Roy Burke
Batting: RHB Alejandro Amador 0-0: Foul Ball, location: 2F
0-1: Fly out, F8 (Flyball, 8LM)
Batting: LHB Reynaldo Garza 0-0: Called Strike
0-1: Swinging Strike
0-2: Strikes out looking
Batting: RHB Aaron Stevens 0-0: Foul Ball, location: 2F
0-1: Ball
1-1: Ball
2-1: SINGLE (Line Drive, 56D)
Batting: RHB Steve Collier 0-0: Called Strike
0-1: Ball
1-1: Fly out, F7 (Flyball, 78M)
Bottom of the 2nd over - 0 run(s), 1 hit(s), 0 error(s), 1 left on base; Notre Dame 1 - Northwestern 0
TOP OF THE 3RD
Notre Dame Fighting Irish batting - Pitching for Northwestern Wildcats : RHP Russell Dawson
Batting: RHB Jorge Ortíz 0-0: Called Strike
0-1: Called Strike
0-2: Foul Ball, location: 2F
0-2: Ball
1-2: Ball
2-2: Ground out 5-3 (Groundball, 56S)
Batting: LHB Sam Knight 0-0: Ball
1-0: Called Strike
1-1: Ball
2-1: Foul Ball, location: 2F
2-2: Strikes out looking
Batting: RHB Fred McPhun 0-0: Swinging Strike
0-1: DOUBLE (Groundball, 3L)
Batting: LHB Matt Moore 0-0: Called Strike
0-1: Called Strike
0-2: Ball
1-2: Ball
2-2: Foul Ball, location: 2F
2-2: Ground out 4-3 (Groundball, 4)
Top of the 3rd over - 0 run(s), 1 hit(s), 0 error(s), 1 left on base; Notre Dame 1 - Northwestern 0
BOTTOM OF THE 3RD
Northwestern Wildcats batting - Pitching for Notre Dame Fighting Irish : LHP Roy Burke
Batting: RHB Brian Martínez 0-0: Called Strike
0-1: Ground out 5-3 (Groundball, 56)
Batting: SHB Jeff Fuller 0-0: Ball
1-0: Foul Ball, location: 2F
1-1: Swinging Strike
1-2: Ball
2-2: Strikes out looking
Batting: RHB Jim Martin 0-0: Foul Ball, location: 2F
0-1: Called Strike
0-2: Ball
1-2: Strikes out swinging
Bottom of the 3rd over - 0 run(s), 0 hit(s), 0 error(s), 0 left on base; Notre Dame 1 - Northwestern 0
TOP OF THE 4TH
Notre Dame Fighting Irish batting - Pitching for Northwestern Wildcats : RHP Russell Dawson
Batting: RHB Allen Miller 0-0: Swinging Strike
0-1: Foul Ball, location: 2F
0-2: Strikes out swinging
Batting: SHB Andre Keeler 0-0: SOLO HOME RUN (Flyball, 89XD), Distance : 379 ft
Pitching: RHP Drake Wilkinson
Batting: RHB Silas Small 0-0: Called Strike
0-1: Ball
1-1: Fly out, F7 (Line Drive, 7D)
Batting: RHB Mike Thompson 0-0: Ball
1-0: Foul Ball, location: 2F
1-1: Called Strike
1-2: Ball
2-2: Strikes out swinging
Top of the 4th over - 1 run(s), 1 hit(s), 0 error(s), 0 left on base; Notre Dame 2 - Northwestern 0
BOTTOM OF THE 4TH
Northwestern Wildcats batting - Pitching for Notre Dame Fighting Irish : LHP Roy Burke
Batting: RHB Lynn Johnson 0-0: Ball
1-0: Ball
2-0: Ground out 5-3 (Groundball, 56)
Batting: RHB Vicente Rosales 0-0: Ball
1-0: Fly out, F9 (Flyball, 9S)
Batting: RHB Alejandro Amador 0-0: Swinging Strike
0-1: Swinging Strike
0-2: Foul Ball, location: 2F
0-2: SINGLE (Groundball, 34D)
Batting: LHB Reynaldo Garza 0-0: Ball
1-0: Ball
2-0: Fielders Choice at 2nd, 4-6 (Groundball, 4)
Bottom of the 4th over - 0 run(s), 1 hit(s), 0 error(s), 0 left on base; Notre Dame 2 - Northwestern 0
TOP OF THE 5TH
Notre Dame Fighting Irish batting - Pitching for Northwestern Wildcats : RHP Drake Wilkinson
Batting: SHB Carlos Ramírez 0-0: Foul Ball, location: 2F
0-1: Ball
1-1: Ball
2-1: Swinging Strike
2-2: Strikes out swinging
Batting: RHB Jorge Ortíz 0-0: Called Strike
0-1: Ground out 5-3 (Groundball, 56)
Batting: LHB Sam Knight 0-0: Swinging Strike
0-1: Foul Ball, location: 2F
0-2: Strikes out swinging
Top of the 5th over - 0 run(s), 0 hit(s), 0 error(s), 0 left on base; Notre Dame 2 - Northwestern 0
BOTTOM OF THE 5TH
Northwestern Wildcats batting - Pitching for Notre Dame Fighting Irish : LHP Roy Burke
Batting: RHB Aaron Stevens 0-0: Ball
1-0: Called Strike
1-1: Ball
2-1: SOLO HOME RUN (Flyball, 78XD), Distance : 375 ft
Batting: RHB Steve Collier 0-0: Ball
1-0: Foul Ball, location: 2F
1-1: Swinging Strike
1-2: Ball
2-2: Strikes out swinging
Batting: RHB Brian Martínez 0-0: Foul Ball, location: 2F
0-1: Called Strike
0-2: Strikes out swinging
Batting: SHB Jeff Fuller 0-0: Called Strike
0-1: Ball
1-1: Called Strike
1-2: Foul Ball, location: 2F
1-2: Foul Ball, location: 2F
1-2: Ball
2-2: Foul Ball, location: 2F
2-2: Foul Ball, location: 2F
2-2: Fly out, F9 (Flyball, 9S)
Bottom of the 5th over - 1 run(s), 1 hit(s), 0 error(s), 0 left on base; Notre Dame 2 - Northwestern 1
TOP OF THE 6TH
Notre Dame Fighting Irish batting - Pitching for Northwestern Wildcats : RHP Drake Wilkinson
Batting: RHB Fred McPhun 0-0: Called Strike
0-1: Ground out 4-3 (Groundball, 4)
Pitching: RHP Miguel Gómez
Batting: LHB Matt Moore 0-0: Called Strike
0-1: Ball
1-1: SINGLE (Flyball, 9LM)
Batting: RHB Allen Miller 0-0: Called Strike
Throwing error on steal attempt, E2
Matt Moore to third
0-1: Ball
1-1: Foul Ball, location: 2F
1-2: Foul Ball, location: 2F
1-2: Foul Ball, location: 2F
1-2: Ball
2-2: SINGLE (Line Drive, 3)
Matt Moore scores
Batting: SHB Andre Keeler 0-0: Grounds into double play, 6-4-3 (Groundball, 6)
Top of the 6th over - 1 run(s), 2 hit(s), 1 error(s), 0 left on base; Notre Dame 3 - Northwestern 1
BOTTOM OF THE 6TH
Northwestern Wildcats batting - Pitching for Notre Dame Fighting Irish : LHP Roy Burke
Batting: RHB Jim Martin 0-0: Ball
1-0: Called Strike
1-1: Fly out, F9 (Flyball, 89M)
Batting: RHB Lynn Johnson 0-0: Ball
1-0: Ball
2-0: Swinging Strike
2-1: Foul Ball, location: 2F
2-2: Strikes out swinging, 2-3 out at first.
Batting: RHB Vicente Rosales 0-0: Foul Ball, location: 2F
0-1: Called Strike
0-2: Fly out, F9 (Flyball, 9S)
Bottom of the 6th over - 0 run(s), 0 hit(s), 0 error(s), 0 left on base; Notre Dame 3 - Northwestern 1
TOP OF THE 7TH
Notre Dame Fighting Irish batting - Pitching for Northwestern Wildcats : RHP Miguel Gómez
Batting: RHB Silas Small 0-0: Ball
1-0: Swinging Strike
1-1: Called Strike
1-2: Foul Ball, location: 2F
1-2: Ball
2-2: Strikes out swinging
Pitching: LHP Paul Pearson
Batting: RHB Mike Thompson 0-0: Called Strike
0-1: SINGLE (Line Drive, 4MD)
Batting: SHB Carlos Ramírez 0-0: Ball
1-0: Ball
2-0: Ball
3-0: Called Strike
3-1: SINGLE (Groundball, 6S) (infield hit)
Mike Thompson to second
Pitching: RHP Bryan Caraballo
Batting: RHB Jorge Ortíz 0-0: SINGLE (Groundball, 6MD)
Mike Thompson to third
Carlos Ramírez to second
Batting: LHB Sam Knight 0-0: Foul Ball, location: 2F
0-1: Foul Ball, location: 2F
0-2: Ball
1-2: Strikes out looking
Pitching: LHP David Hartley
Batting: RHB Fred McPhun 0-0: Ball
1-0: Reached via error on a dropped throw, E6
Mike Thompson scores
Carlos Ramírez to third
Jorge Ortíz to second
Pitching: RHP Kevin Compton
Batting: LHB Matt Moore 0-0: Called Strike
0-1: SINGLE (Groundball, 4MD)
Carlos Ramírez scores
Jorge Ortíz to third
Fred McPhun to second
Runner from 3rd tries for Home, SAFE, no throw
Batting: RHB Allen Miller 0-0: SINGLE (Line Drive, 3)
Fred McPhun to third
Matt Moore to second
Runner from 3rd tries for Home, SAFE, no throw
Batting: SHB Andre Keeler 0-0: Ball
1-0: Foul Ball, location: 2F
1-1: Foul Ball, location: 2F
1-2: SINGLE (Groundball, 34S) (infield hit)
Matt Moore to third
Allen Miller to second
Batting: RHB Silas Small 0-0: Called Strike
0-1: Ball
1-1: Fielders Choice at 2nd, 6-4 (Groundball, 6)
Top of the 7th over - 4 run(s), 6 hit(s), 1 error(s), 2 left on base; Notre Dame 7 - Northwestern 1
BOTTOM OF THE 7TH
Northwestern Wildcats batting - Pitching for Notre Dame Fighting Irish : LHP Roy Burke
Batting: RHB Alejandro Amador 0-0: Called Strike
0-1: Foul Ball, location: 2F
0-2: Ball
1-2: Foul Ball, location: 2F
1-2: SOLO HOME RUN (Line Drive, 78XD), Distance : 387 ft
Pitching: LHP John Parker
Batting: LHB Reynaldo Garza 0-0: Ball
1-0: Ball
2-0: Ball
3-0: Called Strike
3-1: Fly out, F7 (Flyball, 78S)
Batting: RHB Aaron Stevens 0-0: Swinging Strike
0-1: SINGLE (Line Drive, 7LS)
Batting: RHB Steve Collier 0-0: Ball
1-0: Foul Ball, location: 2F
1-1: Called Strike
1-2: Ball
2-2: Strikes out looking
Batting: RHB Brian Martínez 0-0: Ball
1-0: Ball
Aaron Stevens steals 2nd base
2-0: Ball
3-0: Base on Balls
Batting: SHB Jeff Fuller 0-0: Ball
1-0: Ball
2-0: Fly out, F8 (Flyball, 8RS)
Bottom of the 7th over - 1 run(s), 2 hit(s), 0 error(s), 2 left on base; Notre Dame 7 - Northwestern 2
TOP OF THE 8TH
Notre Dame Fighting Irish batting - Pitching for Northwestern Wildcats : RHP Kevin Compton
Batting: RHB Mike Thompson 0-0: Ball
1-0: Fly out, F9 (Flyball, 9S)
Batting: SHB Carlos Ramírez 0-0: Called Strike
0-1: SINGLE (Groundball, 6D)
Batting: RHB Jorge Ortíz 0-0: SINGLE (Line Drive, 7S)
Carlos Ramírez to second
Batting: LHB Sam Knight 0-0: Ball
1-0: Ball
2-0: Called Strike
2-1: SINGLE (Line Drive, 8LS)
Carlos Ramírez to third
Jorge Ortíz to second
Batting: RHB Fred McPhun 0-0: Called Strike
0-1: Ball
1-1: Called Strike
1-2: Strikes out swinging
Batting: LHB Matt Moore 0-0: Foul Ball, location: 2F
0-1: Called Strike
0-2: Ball
1-2: SINGLE (Groundball, 34D)
Carlos Ramírez scores
Jorge Ortíz to third
Sam Knight to second
Runner from 3rd tries for Home, SAFE, no throw
Batting: RHB Allen Miller 0-0: Fly out, F8 (Flyball, 89S)
Top of the 8th over - 2 run(s), 4 hit(s), 0 error(s), 2 left on base; Notre Dame 9 - Northwestern 2
BOTTOM OF THE 8TH
Northwestern Wildcats batting - Pitching for Notre Dame Fighting Irish : LHP John Parker
Now at 2B: Ramón García
Batting: RHB Jim Martin 0-0: Swinging Strike
0-1: Called Strike
0-2: Strikes out swinging
Batting: RHB Lynn Johnson 0-0: Ball
1-0: Fly out, F8 (Flyball, 78D)
Batting: RHB Vicente Rosales 0-0: Called Strike
0-1: Ball
1-1: Swinging Strike
1-2: Fly out, F9 (Flyball, 9LM)
Bottom of the 8th over - 0 run(s), 0 hit(s), 0 error(s), 0 left on base; Notre Dame 9 - Northwestern 2
TOP OF THE 9TH
Notre Dame Fighting Irish batting - Pitching for Northwestern Wildcats : RHP Kevin Compton
Batting: SHB Andre Keeler 0-0: Called Strike
0-1: Foul Ball, location: 2F
0-2: Ball
1-2: SINGLE (Flyball, 78S)
Batting: RHB Silas Small 0-0: Foul Ball, location: 2F
0-1: Ball
1-1: Swinging Strike
1-2: 2-RUN HOME RUN (Line Drive, 7LD), Distance : 323 ft
Batting: RHB Mike Thompson 0-0: Ball
1-0: Called Strike
1-1: Ball
2-1: Ball
3-1: Foul Ball, location: 2F
3-2: Base on Balls
Batting: SHB Carlos Ramírez 0-0: Called Strike
0-1: Ball
1-1: Ground out 3-1 (Groundball, 34S)
Mike Thompson to second
Batting: RHB Jorge Ortíz 0-0: SINGLE (Line Drive, 9S)
Mike Thompson to third
Batting: LHB Sam Knight 0-0: Ball
1-0: Grounds into double play, 6-4-3 (Groundball, 6)
Top of the 9th over - 2 run(s), 3 hit(s), 0 error(s), 1 left on base; Notre Dame 11 - Northwestern 2
BOTTOM OF THE 9TH
Northwestern Wildcats batting - Pitching for Notre Dame Fighting Irish : LHP John Parker
Now at 1B: Larry Eiken
Now in RF: Jackson Smith
Batting: RHB Alejandro Amador 0-0: Ball
1-0: Ground out 4-3 (Groundball, 4)
Batting: LHB Reynaldo Garza 0-0: Ball
1-0: Called Strike
1-1: Ball
2-1: Ball
3-1: Called Strike
3-2: Base on Balls
Batting: RHB Aaron Stevens 0-0: Ball
1-0: Swinging Strike
1-1: Ball
2-1: Foul Ball, location: 2F
2-2: Fielders Choice at 2nd, 6-4 (Groundball, 6)
Batting: RHB Steve Collier 0-0: Called Strike
0-1: Called Strike
0-2: Foul Ball, location: 2F
0-2: Ground out 6-3 (Groundball, 6)
Bottom of the 9th over - 0 run(s), 0 hit(s), 0 error(s), 1 left on base; Notre Dame 11 - Northwestern 2
Thursday, March 30th, 2017 - OOTP Baseball 17.12 Build 75